 Dungeon Crawl Stone Soup version 0.19.4-9-g45fd643 (webtiles) character file.

88 nikopol the Chopper (level 4, -3/60 HPs)
             Began as a Minotaur Berserker on Feb 20, 2017.
             Was a Believer of Trog.
             Slain by Grinder (5 damage)
             ... on level 3 of the Dungeon.
             The game lasted 00:03:56 (2375 turns).

nikopol the Chopper (Minotaur Berserker)            Turns: 2375, Time: 00:03:56

Health: -3/60      AC:  0    Str: 27    XL:     4   Next: 30%
Magic:  3/3        EV: 12    Int:  4    God:    Trog [**....]
Gold:   89         SH:  3    Dex: 10    Spells: 0 memorised, 3 levels left

rFire  . . .     SeeInvis .     a - +0 hand axe
rCold  . . .     Gourm    .     j - +0 ring mail
rNeg   . . .     Faith    .     (no shield)
rPois  .         Spirit   .     (helmet restricted)
rElec  .         Reflect  +     (no cloak)
rCorr  .         Harm     .     (no gloves)
MR     .....                    (no boots)
Stlth  ..........               g - +3 amulet of reflection
                                o - ring of stealth
                                l - -5 ring of protection (curse)

@: berserking (expiring), very quick
A: retaliatory headbutt, horns 2
a: Berserk, Trog's Hand, Burn Spellbooks, Renounce Religion


You were on level 3 of the Dungeon.
You worshipped Trog.
Trog was pleased with you.
You were hungry.

You visited 1 branch of the dungeon, and saw 3 of its levels.

You collected 89 gold pieces.

Inventory:

Hand Weapons
 a - a +0 hand axe (weapon)
Missiles
 h - 9 arrows (quivered)
Armour
 b - a +0 animal skin
 j - a +0 ring mail (worn)
Jewellery
 g - a +3 amulet of reflection (around neck)
 l - a cursed -5 ring of protection (left hand)
 o - a ring of stealth (right hand)
Scrolls
 d - a scroll of random uselessness {unknown}
 f - a scroll of amnesia {unknown}
 n - 2 scrolls of teleportation {unknown}
 p - 2 scrolls of magic mapping {unknown}
 r - a scroll of noise {unknown}
Potions
 e - a potion of haste {unknown}
 i - a potion of might {unknown}
 m - 2 potions of curing {unknown}
 q - a potion of flight {unknown}
Comestibles
 c - a bread ration
 k - a meat ration
 s - a beef jerky


   Skills:
 + Level 4.2 Fighting
 + Level 4.5 Axes
 + Level 3.3 Armour
 + Level 3.3 Dodging


You had 3 spell levels left.
You didn't know any spells.

Dungeon Overview and Level Annotations

Branches:
Dungeon (3/15)

Altars:

Annotations:
D:3 Grinder


Innate Abilities, Weirdness & Mutations

You reflexively headbutt those who attack you in melee.
You have a pair of horns on your head.


Message History

Grinder gestures at you. You resist with significant effort.
You feel your anger subside.
You slash Grinder!
Grinder is moderately wounded.
You block Grinder's attack.
You completely miss Grinder. You headbutt Grinder!
Grinder is severely wounded.
Grinder hits you.
* * * LOW HITPOINT WARNING * * *
You writhe in agony.
* * * LOW HITPOINT WARNING * * *
You hit Grinder. Your headbutt misses Grinder.
Grinder is almost dead.
You hit Grinder.
Grinder is almost dead.
Grinder hits you.
* * * LOW HITPOINT WARNING * * *
You writhe in agony.
You die...

#.....#............
........#.....)......
>..#.#................
...#.##...............
.. #.###.##...........
#.......###........
####............###
#.[.......####
#......@5.#
#.........#
#.........#
#.........#
###########


You could see Grinder.

Vanquished Creatures
  5 adders (D:2)
  2 worms (D:2)
  A leopard gecko (D:1)
  A ball python (D:1)
  3 bats
  3 giant cockroaches
  5 goblins (D:1)
  5 hobgoblins
  A quokka (D:2)
  3 frilled lizards
  2 kobolds
  8 rats
39 creatures vanquished.

Notes
Turn   | Place    | Note
-------+----------+-------------------------------------------
     0 | D:1      | nikopol the Minotaur Berserker began the quest for the Orb.
     0 | D:1      | Reached XP level 1. HP: 19/19 MP: 0/0
   251 | D:1      | Reached XP level 2. HP: 19/27 MP: 1/1
  1024 | D:2      | Reached XP level 3. HP: 26/33 MP: 2/2
  1524 | D:2      | Reached XP level 4. HP: 37/40 MP: 3/3
  2054 | D:2      | Reached ** piety under Trog
  2359 | D:3      | Noticed Grinder
  2373 | D:3      | HP: 2/60 [Grinder (2)]
  2375 | D:3      | Slain by Grinder

Skill      XL: |  1  2  3 |
---------------+----------+-----
Axes           | 4 |  4.5
Armour         | 3 |  3.3
Fighting       | 4 |  4.2
Dodging        | 3 |  3.3

Action                   |  1- 3 |  4- 6 || total
-------------------------+-------+-------++-------
Melee: Hand axe          |    68 |    31 ||    99
       Headbutt          |     9 |     7 ||    16
Invok: Berserk           |     1 |     1 ||     2
  Eat: Chunk             |     3 |     3 ||     6
Armor: Animal skin       |     3 |       ||     3
       Ring mail         |     8 |     2 ||    10
Dodge: Dodged            |    38 |    17 ||    55
Block: Other             |     4 |     2 ||     6
